 Dungeon Crawl Stone Soup version 0.22.1-1-ga44c0e56f4 (webtiles) character file.

7000 LLavrengius the Carver (level 11, -6/75 HPs)
             Began as a Barachi Fighter on Oct 2, 2018.
             Was a Priest of Cheibriados.
             Mangled by an orc knight
             ... wielding a +0 dire flail
              (17 damage)
             ... on level 9 of the Dungeon.
             The game lasted 00:43:11 (10800 turns).

LLavrengius the Carver (Barachi Fighter)           Turns: 10800, Time: 00:43:11

Health: -6/75      AC: 15    Str: 28    XL:     11   Next: 8%
Magic:  15/15      EV:  6    Int: 19    God:    Cheibriados [***...]
Gold:   394        SH: 16    Dex: 21    Spells: 10/10 levels left

rFire    . . .     SeeInvis .   a - +0 long sword
rCold    . . .     Gourm    .   c - +0 shield
rNeg     . . .     Faith    .   y - +0 plate armour
rPois    +         Spirit   .   t - +0 helmet
rElec    .         Reflect  +   d - +0 cloak
rCorr    .         Harm     .   e - +0 pair of gloves
MR       .....                  (no boots)
Stlth    ..........             i - +2 amulet of reflection
HPRegen  0.22/turn              x - ring of poison resistance
MPRegen  0.14/turn              r - +3 ring of strength

@: very slow
A: +LOS, swims, slowness 1, strong legs 1
a: Hop, Bend Time, Temporal Distortion, Renounce Religion


You were on level 9 of the Dungeon.
You worshipped Cheibriados.
Cheibriados was most pleased with you.
You were not hungry.

You visited 2 branches of the dungeon, and saw 10 of its levels.

You collected 394 gold pieces.

Inventory:

Hand Weapons
 a - a +0 long sword (weapon)
 A - a +2 short sword of holy wrath
Missiles
 w - 6 javelins (quivered)
 B - 4 tomahawks
Armour
 c - a +0 shield (worn)
 d - a +0 cloak (worn)
 e - a +0 pair of gloves (worn)
 t - a +0 helmet (worn)
 y - a +0 plate armour (worn)
Magical Staves
 M - an uncursed staff of air {unknown}
Jewellery
 i - a +2 amulet of reflection (around neck)
 m - an uncursed ring of protection from fire
 r - a +3 ring of strength (right hand)
 u - an uncursed ring of wizardry {unknown}
 x - a ring of poison resistance (left hand)
Wands
 n - a wand of paralysis (1)
 o - a wand of acid (8)
 p - a wand of enslavement (8)
 C - a wand of flame (38)
 I - a wand of scattershot (1)
 L - a wand of iceblast (20)
 N - a wand of digging (15)
Scrolls
 h - a scroll of amnesia {unknown}
 k - 3 scrolls of identify
 l - 3 scrolls of teleportation {unknown}
 v - a scroll of enchant weapon {unknown}
 z - a scroll of immolation {unknown}
 D - 2 scrolls of magic mapping {unknown}
 E - a scroll of fear {unknown}
 G - a scroll of fog
 H - 2 scrolls of remove curse
 J - a scroll of noise {unknown}
Potions
 b - 2 potions of magic
 g - a potion of mutation
 j - 3 potions of flight
 q - a potion of berserk rage
 F - 2 potions of cancellation {unknown}
 K - a potion of might
 O - 2 potions of lignification {unknown}
Comestibles
 f - 12 rations


   Skills:
 - Level 3.6 Fighting
 - Level 14.0 Long Blades
 - Level 3.6 Armour
 + Level 10.4 Shields
 + Level 6.4 Invocations


You had 10 spell levels left.
You didn't know any spells.
Your spell library contained the following spells:

 Spells                   Type           Power        Failure   Level  Hunger
 Beastly Appendage        Tmut           #.....       99%         1    ##.....
 Confusing Touch          Hex            #.....       99%         1    ##.....
 Sticks to Snakes         Tmut           #.......     100%        2    ###....
 Confuse                  Hex            #.......     100%        3    ####...
 Gell's Gravitas          Tloc           #.........   100%        3    ####...
 Spider Form              Tmut/Pois      #.........   100%        3    ####...
 Ice Form                 Ice/Tmut       #.......     100%        4    #####..
 Petrify                  Tmut/Erth      #.......     100%        4    #####..
 Blade Hands              Tmut           #.........   100%        5    ######.
 Metabolic Englaciation   Hex/Ice        #.........   100%        5    ######.
 Yara's Violent Unravell  Hex/Tmut       #.........   100%        5    ######.


Dungeon Overview and Level Annotations

Branches:
Dungeon (9/15)             Temple (1/1) D:4
   Lair: D:8-11         Orc: D:9-12

Altars:
Ashenzari
Cheibriados
Dithmenos
Elyvilon
Fedhas
Gozag
Hepliaklqana
Kikubaaqudgha
Makhleb
Nemelex Xobeh
Okawaru
Qazlal
Ru
Sif Muna
Trog
Uskayaw
Vehumet
Wu Jian
Xom
Yredelemnul
Zin
The Shining One

Annotations:
D:5 1 runed door, Atweeke's ghost, novice GnSk
D:8 1 runed door, MeekVeins's ghost, novice NaVM


Innate Abilities, Weirdness & Mutations

Shadows flee at your approach. (+LOS)
You can swim through water.
You cover ground slowly.
You can hop short distances.


Message History

The orc knight is severely wounded.
You hit the orc knight.
The orc knight is severely wounded.
The orc knight hits you with a dire flail!
* * * LOW HITPOINT WARNING * * *
You feel much better.
The orc knight hits you with a dire flail.
You slash the orc knight!
The orc knight is almost dead.
The orc knight hits you with a dire flail!!
* * * LOW HITPOINT WARNING * * *
You hit the orc knight.
The orc knight is almost dead.
Your plate armour prevents you from hitting the orc knight.
The orc knight is almost dead.
The orc knight hits you but does no damage.
You hit the orc knight.
The orc knight is almost dead.
The orc knight hits you with a dire flail!
You die...

##### #(@<# #.o #o###
#..#
###s#############.#
....#..................
#..o#.#.####(#######.#.
#...#...#.)(.........
#...###<#[#.#########
#.....(.[.#...
#..(..#(.##..#.#


You could see an orc knight and a scorpion.

Vanquished Creatures
  Harold (D:8)
  A centaur warrior (D:9)
  A cyclops (D:8)
  A hornet (D:7)
  A hippogriff (D:9)
  6 yaks
  Eustachio (D:4)
  A wyvern (D:9)
  A hungry ghost (D:7)
  5 orc warriors
  2 sky beasts
  4 ogres
  2 phantoms
  2 centaurs
  7 bullfrogs
  A water moccasin zombie (D:5)
  A wyvern skeleton (D:9)
  A scorpion (D:7)
  A water moccasin skeleton (D:7)
  4 crimson imps
  A bullfrog zombie (D:9)
  6 hounds
  An orc priest (D:6)
  A centaur skeleton (D:6)
  11 orc wizards
  9 worker ants
  An iguana (D:9)
  A killer bee zombie (D:8)
  2 hound skeletons
  Robin (D:4)
  18 adders
  An adder zombie (D:6)
  2 worms
  2 dart slugs
  3 leopard geckos
  26 orcs
  2 bats (D:2)
  6 giant cockroaches
  12 goblins
  7 hobgoblins
  7 jackals
  8 kobolds
  4 quokkas
  A ball python (D:4)
  3 frilled lizards
  A giant cockroach zombie (D:6)
  A jackal zombie (D:5)
  A quokka skeleton (D:5)
  6 rats
189 creatures vanquished.

Vanquished Creatures (others)
  A manticore (D:9)
  An orc (D:9)
2 creatures vanquished.

Grand Total: 191 creatures vanquished

Notes
Turn   | Place    | Note
-------+----------+-------------------------------------------
     0 | D:1      | LLavrengius the Barachi Fighter began the quest for the
                  | Orb.
     0 | D:1      | Reached XP level 1. HP: 18/18 MP: 1/1
   216 | D:1      | Reached skill level 3 in Long Blades
   216 | D:1      | Reached XP level 2. HP: 24/24 MP: 2/2
   790 | D:2      | Reached XP level 3. HP: 28/29 MP: 3/3
   950 | D:2      | Reached skill level 4 in Long Blades
  1209 | D:2      | Reached XP level 4. HP: 25/36 MP: 4/4
  1923 | D:3      | Reached skill level 5 in Long Blades
  1938 | D:3      | Reached XP level 5. HP: 12/41 MP: 5/5
  2388 | D:3      | Found a sparkling altar of Nemelex Xobeh.
  2788 | D:4      | Noticed a phantom
  2821 | D:5      | Entered Level 5 of the Dungeon
  2821 | D:5      | Found a runed door.
  2823 | D:5      | Noticed Atweeke's ghost (novice GnSk)
  2977 | D:5      | Noticed a centaur
  2984 | D:5      | Killed a centaur
  2984 | D:5      | Reached skill level 6 in Long Blades
  2984 | D:5      | Reached skill level 5 in Shields
  2984 | D:5      | Reached XP level 6. HP: 18/47 MP: 6/6
  3204 | D:5      | Noticed a phantom
  3225 | D:5      | Killed a phantom
  3404 | D:5      | Reached skill level 7 in Long Blades
  3723 | D:5      | Reached XP level 7. HP: 37/52 MP: 7/7
  4101 | D:6      | Reached skill level 8 in Long Blades
  5188 | D:4      | Reached XP level 8. HP: 43/59 MP: 8/8
  5223 | D:4      | Reached skill level 9 in Long Blades
  5290 | D:4      | Noticed Robin
  5319 | D:4      | Killed Robin
  5705 | D:4      | Noticed Eustachio
  5734 | D:4      | Killed Eustachio
  5763 | D:4      | Found a staircase to the Ecumenical Temple.
  5769 | Temple   | Entered the Ecumenical Temple
  5792 | Temple   | Became a worshipper of Cheibriados the Contemplative
  6198 | D:5      | Reached skill level 10 in Long Blades
  6204 | D:5      | Reached skill level 1 in Invocations
  6752 | D:6      | Reached * piety under Cheibriados
  6752 | D:6      | Reached XP level 9. HP: 50/64 MP: 10/10
  7063 | D:6      | Paralysed by a crimson imp for 2 turns
  7088 | D:6      | Paralysed by a crimson imp for 4 turns
  7093 | D:6      | Reached skill level 11 in Long Blades
  7501 | D:7      | Noticed a hornet
  7513 | D:6      | Reached ** piety under Cheibriados
  7808 | D:7      | Killed a hornet
  8152 | D:7      | Reached skill level 12 in Long Blades
  8457 | D:8      | Found a runed door.
  8457 | D:8      | Found a shimmering altar of Xom.
  8457 | D:8      | Noticed MeekVeins's ghost (novice NaVM)
  8457 | D:8      | Noticed a short sword of chaos
  9412 | D:9      | Reached XP level 10. HP: 70/70 MP: 13/13
  9415 | D:9      | Noticed Harold
  9466 | D:8      | Killed Harold
  9466 | D:8      | Reached *** piety under Cheibriados
  9749 | D:9      | Reached skill level 13 in Long Blades
  9790 | D:8      | Reached skill level 5 in Invocations
 10412 | D:9      | Noticed a centaur warrior
 10434 | D:9      | Killed a centaur warrior
 10484 | D:9      | Reached **** piety under Cheibriados
 10496 | D:9      | Reached skill level 14 in Long Blades
 10502 | D:9      | Noticed a manticore
 10502 | D:9      | Noticed a cyclops
 10510 | D:9      | Killed a manticore
 10510 | D:9      | Reached skill level 10 in Shields
 10510 | D:9      | Reached XP level 11. HP: 17/75 MP: 15/15
 10517 | D:8      | Killed a cyclops
 10571 | D:9      | Noticed an orc knight
 10800 | D:9      | Mangled by an orc knight

Skill      XL: |  1  2  3  4  5  6  7  8  9 10 |
---------------+-------------------------------+-----
Long Blades    | 3 4 5 6 7 8 10 12 14 | 14.0
Shields        | 4 5 6 7 8 10 | 10.4
Invocations    | 2 4 6 |  6.4
Fighting       | |  3.6
Armour         | |  3.6

Action                   |  1- 3 |  4- 6 |  7- 9 | 10-12 || total
-------------------------+-------+-------+-------+-------++-------
Melee: Long sword        |    94 |   194 |   573 |   243 ||  1104
Throw: Tomahawk          |       |       |     1 |     3 ||     4
       Javelin           |       |       |       |     1 ||     1
Invok: Temporal Distorti |       |       |       |     1 ||     1
 Abil: Hop               |       |       |     1 |     3 ||     4
  Use: Scroll            |       |     9 |     2 |       ||    11
       Potion            |       |       |     5 |     4 ||     9
  Eat: Chunk             |     2 |     8 |    10 |     2 ||    22
       Ration            |       |       |     3 |       ||     3
Armor: Scale mail        |    33 |    72 |   148 |       ||   253
       Chain mail        |       |       |    38 |       ||    38
       Plate armour      |       |       |    49 |    83 ||   132
Dodge: Dodged            |    42 |    53 |   104 |    40 ||   239
Block: Shield            |    40 |   116 |   338 |   190 ||   684
       Reflection        |       |     2 |     2 |     9 ||    13
       Rpst.: Long sword |     9 |    18 |    30 |     6 ||    63
